Map: [ESL] Curious Minds

Players

ByuN - Winner!

  • Race: Terran Terran

Maru

  • Race: Terran Terran

Event: IEM Katowice 2022

VOD

Have the link to the VOD?

Description

Time

  • Played on: Feb. 25, 2022, 11:57 a.m.
  • Length: 16:36

All games in this series

Show
View Real Time Build Order
Export as new Build Order

ByuN Terran - Winner!

Build Orders:  

Get SALT Encoding   

  12  0:00  SCV  
  13  0:12  SCV  
  14  0:16  Supply Depot  
  14  0:24  SCV  
  15  0:38  SCV  
  15  0:39  Barracks  
  16  0:42  Refinery  
  16  0:50  SCV  
  16  0:52  Refinery  
  17  1:02  SCV  
  18  1:14  SCV  
  19  1:26  Reaper  
  19  1:27  Orbital Command  
  19  1:30  Supply Depot  
  20  1:40  Factory  
  20  1:52  SCV  
  21  1:59  Reaper  
  22  2:04  SCV  
  23  2:18  SCV  
  24  2:25  Hellion  
  24  2:30  SCV  
  24  2:34  Reaper  
  25  2:42  SCV, Command Center  
  26  2:46  Hellion  
  28  2:55  Supply Depot, SCV  
  29  3:05  Supply Depot  
  28  3:13  Factory Tech Lab  
  28  3:14  Barracks Reactor  
  28  3:16  SCV  
  29  3:20  Starport  
  29  3:28  SCV  
  29  3:33  Cyclone  
  33  3:41  SCV  
  33  3:49  Marine  
  33  3:50  Marine  
  33  3:53  SCV  
  33  3:54  Orbital Command  
  36  4:02  Starport Tech Lab  
  36  4:05  SCV, Siege Tank  
  40  4:10  Marine x2  
  42  4:17  SCV, Orbital Command  
  42  4:24  Raven  
  43  4:25  Refinery  
  43  4:29  SCV  
  46  4:37  Supply Depot  
  46  4:41  Marine  
  48  4:45  SCV  
  48  4:46  SCV  
  48  4:47  Siege Tank  
  53  4:55  Supply Depot  
  53  4:58  SCV x2  
  54  5:04  Supply Depot  
  54  5:10  SCV x2, Raven  
  58  5:16  Marine x2  
  58  5:20  Supply Depot  
  60  5:22  SCV x2  
  60  5:26  Siege Tank  
  65  5:34  SCV x2  
  67  5:35  Marine  
  67  5:36  Marine  
  67  5:42  Supply Depot  
  69  5:46  SCV x2  
  71  5:56  Refinery  
  71  5:57  Command Center  
  71  5:58  SCV x2  
  72  6:09  Marine, Siege Tank  
  72  6:10  SCV x2  
  74  6:22  SCV x2  
  74  6:23  Supply Depot  
  76  6:26  Viking x2  
  76  6:27  Marine  
  79  6:34  SCV  
  79  6:35  SCV  
  79  6:37  Barracks  
  79  6:39  Barracks  
  81  6:46  Marine  
  82  6:48  SCV x2  
  82  6:51  Supply Depot  
  82  6:53  Siege Tank  
  87  6:58  Viking x2  
  91  7:06  Engineering Bay  
  91  7:07  Engineering Bay  
  91  7:08  SCV x2  
  93  7:19  Marine  
  93  7:20  SCV  
  93  7:21  SCV  
  96  7:24  Barracks Reactor  
  96  7:25  Siege Tank  
  96  7:26  Barracks Reactor  
  99  7:32  SCV, Viking x2  
  99  7:33  SCV  
  99  7:35  Orbital Command  
  105  7:44  SCV  
  105  7:45  SCV  
  106  7:52  Terran Infantry Weapons Level 1, Terran Infantry Armor Level 1  
  106  7:56  SCV  
  106  7:57  SCV  
  107  8:00  Barracks Tech Lab  
  107  8:01  Siege Tank  
  107  8:02  Barracks Tech Lab  
  110  8:12  Viking x2  
  116  8:17  SCV x2  
  116  8:18  SCV  
  117  8:21  Marine  
  117  8:22  Marine x3  
  121  8:32  SCV x2  
  115  8:36  SCV  
  115  8:39  Marine x2  
  115  8:40  Marine x2, Siege Tank  
  109  8:42  Viking x2  
  109  8:44  SCV  
  109  8:47  Combat Shield  
  114  8:50  Barracks x2  
  114  8:51  Stimpack  
  114  8:52  SCV  
  114  8:54  SCV  
  113  8:57  SCV  
  113  8:58  Refinery  
  113  8:59  Refinery  
  113  9:01  Supply Depot  
  114  9:03  Marine x3  
  114  9:04  Marine  
  118  9:12  Viking  
  118  9:15  Viking  
  122  9:21  Marine x3  
  122  9:22  Marine  
  124  9:24  Siege Tank  
  124  9:26  SCV x2  
  124  9:27  SCV  
  124  9:31  Supply Depot  
  130  9:36  Sensor Tower  
  132  9:39  Barracks Reactor x2, Marine x3  
  133  9:47  Supply Depot  
  133  9:48  Supply Depot  
  133  9:52  Marine  
  134  9:56  Supply Depot  
  134  9:57  Marine x3, Command Center  
  134  10:10  Marine  
  128  10:14  Marine  
  128  10:15  Marine x2  
  128  10:17  Siege Tank  
  128  10:19  Marine x2  
  128  10:21  Marine x2  
  129  10:24  SCV x2  
  129  10:25  SCV  
  129  10:28  Marine  
  120  10:30  Armory  
  120  10:32  Marine x2  
  120  10:33  Marine  
  118  10:36  SCV x2  
  118  10:37  Marine x2  
  118  10:40  Marine  
  118  10:41  Marine  
  124  10:45  Marine  
  115  10:50  Marine x3  
  115  10:54  Siege Tank  
  115  10:55  Marine x2  
  104  10:58  Marine x2  
  104  10:59  SCV x3  
  104  11:02  Sensor Tower  
  104  11:03  Marine  
  110  11:06  Medivac  
  110  11:08  Marine x3  
  110  11:11  Medivac  
  117  11:12  Marine  
  117  11:13  Planetary Fortress, Marine  
  117  11:16  Marine x2  
  121  11:19  SCV x3  
  121  11:21  Marine  
  121  11:24  Terran Infantry Armor Level 2  
  125  11:26  Marine x3, Terran Infantry Weapons Level 2  
  125  11:31  SCV x2  
  125  11:32  SCV  
  131  11:34  Marine x2  
  131  11:37  Siege Tank  
  136  11:40  Viking  
  136  11:43  SCV  
  136  11:44  SCV x2  
  141  11:54  Terran Vehicle Weapons Level 1  
  141  11:57  Marine x7  
  141  11:59  Marine  
  141  12:00  Supply Depot  
  149  12:04  SCV x3  
  150  12:09  Siege Tank  
  150  12:10  Viking x2  
  150  12:15  Marine x5, Sensor Tower  
  157  12:21  Marine  
  157  12:22  Marine x2  
  155  12:33  Marine x2  
  143  12:38  SCV x3  
  143  12:39  Marine  
  143  12:41  Marine x4, Siege Tank  
  156  12:47  Factory  
  156  12:50  Barracks Reactor, SCV x3  
  156  12:51  Viking x2, Marine x2  
  161  12:57  Marine  
  164  12:59  Marine x4  
  166  13:09  Marine x2  
  165  13:13  Siege Tank  
  165  13:15  Marine  
  165  13:17  Marine x4  
  168  13:26  Marine  
  153  13:27  Marine  
  153  13:29  Marine x2  
  153  13:32  Refinery x2, Command Center  
  153  13:33  Marine, Command Center  
  157  13:35  Marine x4  
  160  13:43  Medivac x2  
  160  13:44  Marine x2  
  160  13:46  Siege Tank x2  
  160  13:47  Marine x2  
  171  13:50  Marine  
  171  13:52  Starport, Marine  
  171  13:53  Marine x3  
  171  13:54  Starport  
  163  14:02  Marine x2  
  161  14:05  Marine x2  
  161  14:08  Marine  
  136  14:10  Marine x3  
  136  14:11  Marine  
  140  14:18  Siege Tank x2  
  140  14:20  Marine x2  
  140  14:22  Marine  
  140  14:23  Marine  
  150  14:24  Viking  
  150  14:26  Marine  
  150  14:28  Marine x4  
  157  14:37  Viking x2  
  157  14:38  Marine x2  
  162  14:39  Viking  
  162  14:40  Marine  
  162  14:41  Marine  
  162  14:44  Marine  
  168  14:46  Marine  
  168  14:51  Marine, Siege Tank x2  
  176  14:54  Orbital Command  
  176  15:03  Viking  
  178  15:07  Viking x2  
  178  15:08  Marine x5  
  178  15:11  Marine  
  186  15:17  Viking  
  185  15:23  Planetary Fortress  
  185  15:29  Siege Tank x2  
  185  15:32  Marine  
  185  15:33  Viking, Marine x3  
  196  16:01  Siege Tank  
  199  16:14  Marine  
Show
View Real Time Build Order
Export as new Build Order

Maru Terran 

Build Orders:  

Get SALT Encoding   

  12  0:00  SCV  
  13  0:16  Supply Depot  
  13  0:18  SCV  
  14  0:37  Barracks  
  14  0:42  Refinery  
  14  0:53  Barracks  
  15  0:57  SCV  
  15  1:09  SCV  
  16  1:24  Orbital Command  
  16  1:26  Reaper  
  16  1:29  Refinery  
  17  1:44  Reaper  
  18  1:48  Supply Depot  
  18  1:49  SCV  
  19  2:00  Reaper  
  20  2:01  SCV  
  21  2:13  SCV  
  22  2:18  Reaper  
  22  2:25  SCV  
  23  2:31  Factory  
  23  2:38  SCV  
  24  2:47  Supply Depot  
  24  2:50  SCV, Reaper  
  26  3:02  SCV  
  25  3:14  Factory Tech Lab  
  25  3:17  Command Center  
  25  3:18  SCV  
  26  3:24  Starport  
  26  3:30  SCV  
  27  3:35  Cyclone  
  30  3:42  SCV  
  31  3:54  SCV  
  32  4:00  Starport Tech Lab  
  32  4:03  Command Center  
  32  4:12  Cyclone  
  32  4:14  SCV  
  35  4:29  SCV  
  36  4:33  Refinery  
  36  4:35  Raven  
  38  4:41  SCV  
  39  4:48  Barracks Reactor  
  39  4:50  Orbital Command  
  39  4:53  Refinery  
  39  4:55  SCV  
  40  5:01  Siege Tank  
  43  5:07  SCV  
  44  5:15  SCV  
  44  5:19  SCV  
  46  5:23  Raven  
  46  5:24  Orbital Command  
  46  5:25  Marine x2  
  46  5:27  Supply Depot, SCV  
  51  5:31  SCV  
  52  5:37  Supply Depot, Siege Tank  
  52  5:40  SCV  
  56  5:45  SCV  
  56  5:47  Marine x2  
  56  5:49  SCV  
  60  5:52  SCV  
  61  5:57  SCV  
  61  6:02  Barracks x2  
  62  6:05  SCV  
  62  6:06  SCV, Raven  
  66  6:11  SCV  
  66  6:22  Marine x2, Siege Tank  
  66  6:23  SCV  
  66  6:29  SCV  
  66  6:30  Engineering Bay  
  66  6:31  Engineering Bay  
  66  6:36  SCV x2  
  66  6:38  Supply Depot  
  68  6:41  SCV  
  69  6:48  SCV  
  69  6:49  Barracks Reactor  
  69  6:51  Barracks Reactor  
  69  6:54  SCV x2, Siege Tank  
  69  6:56  Viking  
  69  6:58  Viking  
  78  7:04  Terran Infantry Weapons Level 1, Terran Infantry Armor Level 1  
  78  7:06  Marine  
  79  7:09  Stimpack  
  79  7:13  Supply Depot, SCV  
  79  7:14  SCV x2  
  82  7:22  Supply Depot  
  82  7:26  Viking  
  82  7:28  Supply Depot, Viking, Marine x3  
  89  7:34  Marine x2  
  89  7:36  Siege Tank  
  92  7:54  Marine x3, Orbital Command  
  92  7:56  SCV x2, Viking  
  97  8:01  Marine x2  
  99  8:08  SCV x2, Sensor Tower  
  99  8:10  Supply Depot  
  99  8:11  Siege Tank  
  99  8:12  Marine x3  
  107  8:19  Viking, Marine x2  
  111  8:20  SCV x2  
  113  8:28  SCV  
  113  8:32  SCV x2  
  113  8:33  Marine  
  111  8:35  Marine  
  111  8:36  Marine  
  111  8:37  Marine x2  
  111  8:38  Viking  
  89  8:44  SCV  
  89  8:45  Siege Tank  
  89  8:48  Orbital Command  
  89  8:49  Combat Shield  
  89  8:51  Marine  
  89  8:53  Marine x2  
  89  8:54  Medivac  
  89  8:55  Marine x2  
  95  9:00  Barracks  
  95  9:02  Barracks  
  95  9:08  Medivac  
  95  9:09  Marine  
  98  9:11  Marine x2  
  98  9:13  SCV, Marine x2  
  98  9:16  SCV, Armory  
  98  9:17  SCV  
  105  9:20  Siege Tank  
  108  9:27  Marine  
  108  9:29  Marine x2  
  108  9:30  Marine  
  112  9:31  Medivac  
  112  9:34  Marine  
  115  9:39  Medivac  
  115  9:44  Marine  
  118  9:46  Supply Depot  
  118  9:49  Marine x3  
  118  9:52  Marine  
  122  10:02  Marine  
  122  10:03  Barracks Reactor x2  
  122  10:05  Medivac  
  122  10:06  Marine  
  122  10:07  Marine x2  
  123  10:10  Marine  
  123  10:17  Liberator  
  123  10:20  Marine  
  125  10:24  Marine x2  
  125  10:25  Marine  
  121  10:30  Marine  
  117  10:37  Siege Tank  
  117  10:38  Marine  
  117  10:42  Marine x2  
  123  10:43  Marine  
  123  10:46  Orbital Command  
  123  10:47  Marine  
  123  10:48  Marine  
  113  10:50  Marine  
  113  10:51  Marine x2  
  113  10:56  Marine  
  111  11:00  Marine x3, Terran Infantry Weapons Level 2  
  115  11:05  Marine  
  115  11:06  Marine  
  115  11:08  Marine x2  
  115  11:09  Siege Tank  
  121  11:13  Marine  
  121  11:14  Marine  
  121  11:18  Supply Depot, Marine x2, Orbital Command  
  125  11:20  Terran Infantry Armor Level 2  
  125  11:33  Supply Depot, Refinery x2  
  125  11:35  Supply Depot  
  125  11:40  SCV x2  
  127  11:50  Marine x5, Siege Tank  
  127  11:52  SCV  
  127  11:53  SCV  
  137  11:57  SCV  
  138  12:10  Marine x3  
  138  12:11  Marine x3  
  138  12:13  Factory  
  138  12:14  Marine x2  
  146  12:18  Viking  
  146  12:20  Barracks Reactor  
  148  12:24  SCV  
  148  12:25  SCV  
  148  12:29  Marine  
  143  12:33  Siege Tank  
  143  12:36  Marine  
  143  12:37  Marine x6  
  137  12:44  Liberator  
  143  12:47  Marine  
  143  12:50  SCV  
  148  12:51  Supply Depot  
  148  12:54  Marine  
  149  13:02  Marine x4  
  149  13:05  Siege Tank  
  155  13:11  Marine x2  
  153  13:14  Marine  
  153  13:15  Marine x2  
  153  13:16  Marine, Siege Tank  
  159  13:21  Marine  
  159  13:22  Marine  
  159  13:25  Marine  
  159  13:26  Marine  
  154  13:29  Marine x2  
  154  13:30  Supply Depot  
  154  13:31  Supply Depot x2  
  154  13:32  Marine  
  157  13:35  Marine  
  155  13:46  Marine  
  155  13:47  Marine  
  145  13:56  Marine  
  145  14:00  Marine  
  145  14:02  Marine x2  
  121  14:03  SCV x2  
  121  14:05  Marine x2  
  121  14:07  SCV  
  121  14:09  Medivac  
  120  14:10  Marine x4, Medivac  
  120  14:11  Siege Tank x2  
  120  14:13  Terran Vehicle Weapons Level 1  
  120  14:15  SCV x2  
  134  14:19  SCV, Marine x2  
  137  14:25  Marine x2  
  137  14:28  SCV  
  137  14:30  Marine  
  137  14:31  Marine  
  140  14:33  Marine  
  141  14:43  Siege Tank x2  
  147  14:50  Marine x4  
  147  14:51  Marine x5  
  156  14:56  Medivac  
  158  15:01  Marine  
  158  15:02  Medivac  
  161  15:08  Marine x4  
  163  15:15  Siege Tank  
  163  15:21  Marine x4  
  162  15:23  Siege Tank  
  169  15:28  Supply Depot  
  169  15:30  Marine x6  
  175  15:42  Marine x2  
  175  15:57  Marine x2  
  175  16:00  Command Center  
  176  16:07  Marine  

Tags
 
Add a new tag
Caveats
  • Supply blocks, unpowered buildings, or Contaminate may cause inaccurate times.
  • Supply counts are checked every 10 seconds.